 Dungeon Crawl Stone Soup version 0.31-a0-105-gc0b45f0da6 (webtiles) character file.

Game seed: 8268459944453735695

133 Bigbad the Conjurer (level 4, -4/35 HPs)
             Began as a Draconian Conjurer on May 27, 2023.
             Was an Initiate of Vehumet.
             Slain by Duvessa
             ... wielding a +0 short sword
              (10 damage)
             ... on level 4 of the Dungeon.
             The game lasted 00:48:30 (2846 turns).

Bigbad the Conjurer (Draconian Conjurer)            Turns: 2846, Time: 00:48:30

Health: -4/35      AC:  8    Str:  9    XL:     4   Next: 94%
Magic:  5/8        EV: 12    Int: 20    God:    Vehumet [......]
Gold:   139        SH:  0    Dex: 10    Spells: 1/8 levels left

rFire   . . .        y - +0 falchion
rCold   . . .        (no shield)
rNeg    . . .        (body armour unavailable)
rPois   .            (helmet restricted)
rElec   .            f - +1 cloak
rCorr   +            (no gloves)
SInv    .            w - +0 pair of boots
Will    .....        o - amulet of the acrobat
Stlth   ++           s - ring of resist corrosion
HPRegen 0.25/turn    (no ring)
MPRegen 0.11/turn

%: acrobat
@: no status effects
A: AC +5, unfitting armour, cold-blooded
a: Renounce Religion


You were on level 4 of the Dungeon.
You worshipped Vehumet.
Vehumet was noncommittal.
You visited 1 branch of the dungeon, and saw 5 of its levels.

You collected 139 gold pieces.

Inventory:

Hand Weapons
 b - a +0 club
 c - a +0 flail
 i - a +0 short sword
 l - a +0 dagger
 m - a +0 mace
 q - a +0 sling
 u - a +0 trident
 y - a +0 falchion (weapon)
Missiles
 h - 13 stones
Armour
 f - a +1 cloak (worn)
 g - a +0 scale mail
 j - a +0 robe
 p - a +0 robe
 w - a +0 pair of boots (worn)
Jewellery
 o - an amulet of the acrobat (around neck)
 s - a ring of resist corrosion (left hand)
Scrolls
 a - a scroll of identify
 e - a scroll of fear {unknown}
 k - 2 scrolls of noise
 t - a scroll of immolation
 z - a scroll of poison {unknown}
 B - a scroll of torment {unknown}
Potions
 d - 2 potions of cancellation {unknown}
 n - 2 potions of enlightenment
 r - a potion of invisibility {unknown}
 A - a potion of mutation {unknown}


   Skills:
 + Level 1.2 Fighting
 + Level 1.0 Maces & Flails
 + Level 0.2 Throwing
 + Level 2.6 Dodging
 + Level 2.2 Stealth
 + Level 2.7 Spellcasting
 + Level 4.8 Conjurations


You had one spell level left.
You knew the following spells:

 Your Spells              Type           Power      Damage    Failure   Level
a - Iskenderun's Mystic   Conj/Tloc      11%        2d4       52%         4
b - Searing Ray           Conj           44%        2d6       3%          2
c - Magic Dart            Conj           88%        1d7       1%          1

Your spell library contained the following spells:

 Spells                   Type           Power      Damage    Failure   Level
 Dazzling Flash           Conj/Hex       22%        N/A       19%         3
 Poisonous Vapours        Pois/Air       2%         N/A       26%         2
 Mephitic Cloud           Conj/Pois/Air  7%         N/A       26%         3
 Fulminant Prism          Conj/Hex       5%         3d7       52%         4
 Freezing Cloud           Conj/Ice/Air   3%         6-21      94%         5


Dungeon Overview and Level Annotations

Branches:
Dungeon (5/15)
 Temple: D:4-7

Altars:
Vehumet

Shops:
D:2 [

Annotations:
D:4 Dowan, Duvessa


Innate Abilities, Weirdness & Mutations

Your plain brown scales are hard. (AC +5)
You cannot fit into any form of body armour.
You are cold-blooded and may be slowed by cold attacks.


Message History

[Y]es or [N]o only, please.
The spell is astonishingly dangerous to miscast (52% risk of failure)!
Continue anyway?
You miscast Iskenderun's Mystic Blast.
You are very lightly contaminated with residual magic.
Sparks fly from your hands! Duvessa hits you with a +0 short sword.
Dowan hits you but does no damage. Duvessa hits you with a +0 short sword!
* * * LOW HITPOINT WARNING * * *
You climb downwards.
There is a stone staircase leading up here.
Dowan hits you with a +1 dagger of freezing.
* * * LOW HITPOINT WARNING * * *
Dowan freezes you.
* * * LOW HITPOINT WARNING * * *
Duvessa hits you with a +0 short sword.
* * * LOW HITPOINT WARNING * * *
You climb upwards.
There is a stone staircase leading down, spattered with blood here.
You feel much better. Dowan barely misses you.
Duvessa hits you with a +0 short sword.
Dowan gestures at something while chanting.
Found a robe.
Dowan says, "Stay away from my face!"
Duvessa completely misses you.
Found 8 gold pieces.
Duvessa attacks as you move away! Duvessa closely misses you.
Duvessa hits you with a +0 short sword! Duvessa attacks as you move away!
Duvessa completely misses you.
Found a smoky dark potion.
Dowan smirks and points a slender finger.
Duvessa attacks as you move away! Duvessa hits you with a +0 short sword.
* * * LOW HITPOINT WARNING * * *
Duvessa hits you with a +0 short sword.
* * * LOW HITPOINT WARNING * * *
Your magical contamination has completely faded away.
As you read the scroll labelled YSTEJOUSUCH, it crumbles to dust.
It is a scroll of enchant armour.
Your +0 cloak glows green for a moment.
Duvessa says, "Where magic fails, the sword succeeds!"
Duvessa hits you with a +0 short sword!
You die...

..##. .. .!...#
. #..#..# #. .
.....#. .. ##.
...... ##...
##...
#...##.[$.. ....
#.....# #..#
#@..# #..###e###
#.....# #.
##..e## ###.
##..#..# ##...##
##..###...#
...#..####..##
#.....
.......##.>#####
#....
...............#
....


You could see Duvessa (fast) and Dowan.

Vanquished Creatures
  An iguana (D:5)
  4 gnolls (D:3)
  2 adders
  A dart slug (D:1)
  An orc (D:3)
  5 ball pythons
  7 endoplasms
  2 giant cockroaches
  3 goblins
  4 hobgoblins
  8 kobolds
  2 quokkas (D:3)
  4 bats
  5 rats
49 creatures vanquished.

Notes
Turn   | Place    | Note
-------+----------+-------------------------------------------
     0 | D:1      | Bigbad the Draconian Conjurer began the quest for the Orb.
     0 | D:1      | Reached XP level 1. HP: 14/14 MP: 3/3
   521 | D:1      | Reached XP level 2. HP: 20/20 MP: 5/5
   524 | D:1      | Learned a level 2 spell: Searing Ray
   946 | D:2      | Found Qagaiph's Antique Armour Shoppe.
   994 | D:2      | Found a faded altar of an unknown god.
  1045 | D:2      | Reached XP level 3. HP: 26/26 MP: 0/6
  1325 | D:2      | Found a radiant altar of Vehumet.
  1881 | D:2      | Became a worshipper of Vehumet
  2014 | D:3      | Reached XP level 4. HP: 14/34 MP: 0/7
  2119 | D:3      | Learned a level 4 spell: Iskenderun's Mystic Blast
  2121 | D:3      | Learned a level 1 spell: Magic Dart
  2746 | D:4      | Noticed Duvessa
  2747 | D:4      | Noticed Dowan
  2758 | D:5      | Entered Level 5 of the Dungeon
  2765 | D:5      | Reached skill level 1 in Fighting
  2765 | D:5      | Reached skill level 1 in Maces & Flails
  2846 | D:4      | Slain by Duvessa

Illustrated notes

Levels and vault maps discovered:
D:1:      lightli_arrival_noodles, layout_basic
D:2:      layout_rooms, serial_shops, shop,
          shapermc_ecumenical_altar_notcrosses, basic_altar,
          roderic_serpentine_path, minmay_pentomino_w2
D:3:      layout_rooms
D:4:      layout_layer_cave, tso_oasis_becter, uniq_pikel, uniq_duvessa
D:5:      layout_basic, feat_on_display

Skill      XL: |  1  2  3  4 |
---------------+-------------+-----
Dodging        | 2 |  2.6
Stealth        | 2 |  2.2
Fighting       | 1 |  1.2
Maces & Flails | 1 |  1.0
Throwing       | |  0.2
Spellcasting   | |  2.7
Conjurations   | |  4.8

Action                     |  1- 3 |  4- 6 || total
---------------------------+-------+-------++-------
  Melee: Club              |    10 |       ||    10
         Short sword       |     2 |       ||     2
         Punch             |     1 |       ||     1
         Mace              |    11 |     2 ||    13
         Falchion          |       |     6 ||     6
  Throw: Stone             |     5 |       ||     5
   Cast: Magic Dart        |    12 |       ||    12
         Searing Ray       |    26 |    11 ||    37
    Use: Scroll            |     4 |     1 ||     5
         Potion            |     3 |     1 ||     4
 Armour: Skin              |    12 |     1 ||    13
  Dodge: Dodged            |    40 |    17 ||    57

Table legend: (Time is in decaauts)
 A = Elapsed time spent in this place.
 B = Non-inter-level travel time spent in this place.
 C = Inter-level travel time spent in this place.
 D = Time resting spent in this place.
 E = Time spent auto-exploring this place.
 F = Levels seen in this place.
 G = Mean time per level.
                   A        B        C        D        E       F      G
               +--------+--------+--------+--------+--------+-----+--------+
         Total |   2864 |   1897 |    967 |    944 |    484 |   5 |  572.8 |
       Dungeon |   2864 |   1897 |    967 |    944 |    484 |   5 |  572.8 |
               +--------+--------+--------+--------+--------+-----+--------+

Top non-repeatable levels by time:
     D:2: 1039 daAuts
     D:3: 862 daAuts
     D:1: 860 daAuts
     D:5: 78 daAuts
     D:4: 24 daAuts
